Map: Colonisation EC

Players

imData - Winner!

  • Race: Protoss Protoss
  • League: Master

MSory

  • Race: Zerg Zerg
  • League: Master

VOD

Have the link to the VOD?

Description

Time

  • Played on: May 4, 2016, 2:20 p.m.
  • Length: 9:50
Show
View Real Time Build Order
Export as new Build Order

imData Protoss - Winner!

Build Orders: Nexus First 

Get SALT Encoding   

  12  0:01  Probe (Chrono Boost)  
  13  0:11  Probe (Chrono Boost)  
  14  0:20  Pylon  
  14  0:22  Probe (Chrono Boost)  
  15  0:38  Probe (Chrono Boost)  
  16  0:49  Probe (Chrono Boost)  
  17  1:01  Nexus  
  17  1:11  Forge  
  17  1:20  Gateway  
  17  1:27  Assimilator  
  17  1:31  Assimilator  
  17  1:46  Photon Cannon  
  17  1:48  Probe (Chrono Boost)  
  18  1:58  Probe (Chrono Boost)  
  19  2:09  Probe (Chrono Boost)  
  19  2:12  Cybernetics Core  
  19  2:14  Probe (Chrono Boost)  
  21  2:19  Probe (Chrono Boost)  
  22  2:24  Probe (Chrono Boost)  
  23  2:30  Probe (Chrono Boost)  
  23  2:35  Probe (Chrono Boost)  
  25  2:40  Probe (Chrono Boost)  
  25  2:45  Probe (Chrono Boost)  
  25  2:48  Adept  
  25  2:49  Warp Gate (Chrono Boost)  
  29  2:51  Probe (Chrono Boost)  
  29  2:56  Mothership Core (Chrono Boost)  
  31  3:01  Probe (Chrono Boost)  
  32  3:12  Probe (Chrono Boost)  
  33  3:15  Probe (Chrono Boost)  
  36  3:21  Pylon  
  36  3:22  Probe (Chrono Boost)  
  36  3:25  Probe (Chrono Boost)  
  38  3:28  Sentry (Chrono Boost)  
  38  3:38  Probe  
  38  3:39  Probe  
  38  3:40  Robotics Facility  
  40  3:42  Twilight Council  
  40  3:47  Pylon  
  40  3:48  Probe  
  40  3:51  Probe  
  40  3:52  Pylon, Sentry (Chrono Boost)  
  44  3:58  Assimilator  
  44  4:00  Probe (Chrono Boost)  
  44  4:01  Assimilator  
  45  4:03  Probe (Chrono Boost)  
  46  4:11  Pylon, Probe (Chrono Boost)  
  45  4:21  Pylon  
  45  4:30  Gateway x2  
  45  4:37  Photon Cannon  
  45  4:46  Warp Prism  
  45  4:52  Adept  
  49  5:04  Photon Cannon  
  45  5:16  Pylon  
  45  5:18  Pylon  
  45  5:19  Pylon  
  45  5:22  Adept  
  43  5:33  Adept x2  
  47  5:44  Gateway  
  47  5:47  Gateway  
  47  5:53  Observer  
  48  6:06  Adept x2  
  48  6:08  Adept  
  54  6:28  Adept x3  
  60  6:56  Adept  
  60  6:57  Adept x2  
  60  6:59  Gateway  
  60  7:00  Twilight Council  
  66  7:02  Adept x2  
  70  7:18  Pylon x3  
  68  7:33  Stalker  
  70  7:40  Stalker x3  
  76  7:58  Stalker  
  76  8:03  Dark Shrine  
  76  8:09  Stalker x2  
  80  8:19  Stalker x2  
  82  8:27  Stalker  
  84  8:46  Stalker x3  
  84  9:06  Stalker  
  84  9:07  Stalker  
  84  9:09  Stalker  
  80  9:36  Pylon  
  80  9:40  Pylon  
Show
View Real Time Build Order
Export as new Build Order

MSory Zerg 

Build Orders: Pool First 

Get SALT Encoding   

  12  0:01  Drone  
  13  0:11  Drone  
  14  0:17  Overlord  
  14  0:27  Extractor  
  13  0:28  Drone  
  15  0:37  Drone x2  
  17  0:59  Drone x2, Extractor  
  17  1:02  Spawning Pool  
  17  1:08  Drone  
  18  1:22  Hatchery  
  18  1:25  Drone  
  18  1:51  Drone, Overlord  
  18  1:53  Queen  
  21  1:55  Zergling x2  
  21  2:01  Metabolic Boost  
  22  2:10  Zergling x2  
  23  2:16  Zergling x2  
  24  2:25  Evolution Chamber, Zergling x2  
  24  2:35  Queen  
  27  2:41  Evolution Chamber, Zergling x4  
  28  2:45  Zergling x2  
  28  2:46  Zergling x2  
  28  2:49  Pneumatized Carapace  
  30  2:58  Zergling x4  
  32  3:03  Zergling x2  
  32  3:04  Zergling x2  
  32  3:29  Zergling x2  
  32  3:30  Zergling x4  
  35  3:34  Overlord  
  35  3:48  Overlord  
  35  3:54  Zergling x10  
  40  4:18  Lair  
  40  4:19  Zergling x8  
  44  4:30  Zergling x6  
  47  4:51  Overlord  
  47  4:52  Zergling x8  
  42  5:10  Zergling x2  
  42  5:11  Zergling x4  
  40  5:27  Drone x4  
  40  5:33  Spire  
  32  5:40  Drone x2  
  34  5:51  Drone x2  
  34  5:56  Drone x2  
  38  6:00  Extractor  
  38  6:03  Drone x2  
  39  6:06  Drone  
  40  6:16  Zergling x8  
  44  6:25  Zergling x4  
  46  6:32  Zergling x4  
  47  6:33  Zergling x8  
  40  6:50  Mutalisk  
  41  6:57  Drone  
  41  6:58  Drone x3  
  43  7:14  Mutalisk  
  38  7:17  Zergling x2  
  36  7:22  Zergling x2  
  36  7:23  Zergling x2  
  31  7:34  Zergling x4  
  29  7:45  Zergling x2  
  27  8:02  Zergling x2  
  25  8:21  Mutalisk  
  25  8:26  Mutalisk  
  26  8:47  Zergling x2  
  19  9:10  Drone x2  
  19  9:16  Drone  
  22  9:18  Drone  
  23  9:25  Drone  
  24  9:35  Drone x2  
Tags
 
Add a new tag
Caveats
  • Supply blocks, unpowered buildings, or Contaminate may cause inaccurate times.
  • Supply counts are checked every 10 seconds.